 Dungeon Crawl Stone Soup version 0.22.1-5-g62c59d9 (webtiles) character file.

77 Kairos the Skirmisher (level 4, 0/24 HPs)
             Began as a Vine Stalker Fighter on Jan 14, 2019.
             Slain by an ogre
             ... wielding a +0 giant club
              (7 damage)
             ... on level 2 of the Dungeon.
             The game lasted 00:01:50 (1119 turns).

Kairos the Skirmisher (Vine Stalker Fighter)        Turns: 1119, Time: 00:01:50

Health: 0/24       AC:  6    Str: 20    XL:     4   Next: 34%
Magic:  0/5        EV: 11    Int:  8    God:
Gold:   62         SH:  9    Dex: 13    Spells: 3/3 levels left

rFire    . . .     SeeInvis .   k - +3 hand axe (chop)
rCold    . . .     Gourm    .   c - +0 shield
rNeg     . . .     Faith    .   b - +0 scale mail
rPois    .         Spirit   +   (no helmet)
rElec    .         Reflect  .   (no cloak)
rCorr    .         Harm     .   (no gloves)
MR       .....                  (no boots)
Stlth    ..........             (no amulet)
HPRegen  0.48/turn              g - +4 ring of evasion
MPRegen  0.09/turn              (no ring)

@: no status effects
A: fangs 2, regeneration 1, magic shield, antimagic bite, no potion heal 3, rot
immunity
a: no special abilities


You were on level 2 of the Dungeon.
You were hungry.

You visited 1 branch of the dungeon, and saw 2 of its levels.

You collected 62 gold pieces.

Inventory:

Hand Weapons
 a - a +0 war axe
 k - a +3 hand axe of chopping (weapon)
Armour
 b - a +0 scale mail (worn)
 c - a +0 shield (worn)
Jewellery
 g - a +4 ring of evasion (left hand)
Scrolls
 h - a scroll of remove curse {unknown}
 i - 4 scrolls of identify {unknown}
 j - 2 scrolls of teleportation {unknown}
Potions
 d - 2 potions of might
 e - a potion of invisibility {unknown}
 l - a potion of resistance {unknown}
 m - a potion of flight {unknown}
 n - a potion of mutation {unknown}
 o - a potion of heal wounds {unknown}
Comestibles
 f - 3 rations


   Skills:
 + Level 3.2 Fighting
 + Level 2.9 Axes
 + Level 2.8 Armour
 + Level 3.0 Shields


You had 3 spell levels left.
You didn't know any spells.
Your spell library was empty.

Dungeon Overview and Level Annotations

Branches:
Dungeon (2/15)

Altars:
Nemelex Xobeh


Innate Abilities, Weirdness & Mutations

You have extremely sharp teeth.
Your natural rate of healing is unusually fast.
When hurt, damage is shared between your health and your magic reserves.
Your bite disrupts and absorbs the magic of your enemies.
Potions cannot restore your health.
You are immune to rotting.


Message History

The magic dart hits you! The ogre hits you with a giant club!
* * * LOW HITPOINT WARNING * * *
Natasha casts a spell at you. The magic dart hits you!
You are too injured to fight recklessly!
You are too injured to fight recklessly!
Unknown command.
You are too injured to fight recklessly!
Unknown command.
You slash the ogre!
The ogre is heavily wounded.
You hit Natasha.
You kill Natasha!
Natasha screams in fury as she dies!
Your Shields skill increases to level 3!
You have reached level 4!
You feel stronger.
You begin to heal more quickly.
The ogre hits you with a giant club!
You die...

#.........#....
#.............. .
#...#.###.#..# ...
###...#.###.#..##. ..
.....................
###...#.###.#..##....
#..................
.>...................
###.#.#####.#@)##.##
#.#[......#O†# #
#.#####.#.... #
#.#...... #.#...#.!..
#.#.####### #.#.#
#....


You could see an ogre.

Vanquished Creatures
  Natasha (D:2)
  An adder (D:2)
  An ooze (D:2)
  2 dart slugs (D:1)
  4 leopard geckos (D:1)
  2 bats (D:1)
  7 hobgoblins
  A frilled lizard (D:1)
  5 goblins
  3 kobolds
  5 rats
32 creatures vanquished.

Notes
Turn   | Place    | Note
-------+----------+-------------------------------------------
     0 | D:1      | Kairos the Vine Stalker Fighter began the quest for the
                  | Orb.
     0 | D:1      | Reached XP level 1. HP: 11/11 MP: 2/2
    85 | D:1      | Reached XP level 2. HP: 11/16 MP: 3/3
   701 | D:1      | Reached XP level 3. HP: 20/20 MP: 4/4
  1056 | D:2      | Found a sparkling altar of Nemelex Xobeh.
  1112 | D:2      | Noticed Natasha
  1112 | D:2      | Noticed an ogre
  1119 | D:2      | Killed Natasha
  1119 | D:2      | Gained mutation: Your natural rate of healing is unusually
                  | fast. [Vine Stalker growth]
  1119 | D:2      | Reached XP level 4. HP: 7/24 MP: 0/5
  1119 | D:2      | Slain by an ogre

Skill      XL: |  1  2  3 |
---------------+----------+-----
Fighting       | 3 |  3.2
Axes           | 2 |  2.9
Shields        | 3 |  3.0
Armour         | |  2.8

Action                   |  1- 3 |  4- 6 || total
-------------------------+-------+-------++-------
Melee: War axe           |    65 |       ||    65
       Bite              |    14 |       ||    14
       Hand axe          |    17 |       ||    17
Armor: Scale mail        |    31 |       ||    31
Dodge: Dodged            |    35 |       ||    35
Block: Shield            |    41 |       ||    41
